 Dungeon Crawl Stone Soup version 0.31-a0-145-g046c7d2549 (webtiles) character file.

Game seed: 3864002284472048411

259 qw the Shooter (level 5, -14/46 HPs)
             Began as a Minotaur Hunter on June 7, 2023.
             Demolished by an ogre
             ... wielding a +0 giant spiked club
              (17 damage)
             ... on level 4 of the Dungeon.
             The game lasted 00:00:59 (2442 turns).

qw the Shooter (Minotaur Hunter)                    Turns: 2442, Time: 00:00:59

Health: -14/46     AC:  8    Str: 15    XL:     5   Next: 95%
Magic:  4/4        EV: 11    Int:  6    God:
Gold:   65         SH:  0    Dex: 16    Spells: 4/4 levels left

rFire   . . .        Y - +0 shortbow
rCold   . . .        (shield currently unavailable)
rNeg    . . .        i - +0 ring mail
rPois   .            (helmet restricted)
rElec   .            (no cloak)
rCorr   .            g - +2 pair of gloves
SInv    .            (no boots)
Will    .....        (no amulet) Stlth
                     (no ring)
HPRegen 0.27/turn    (no ring)
MPRegen 0.09/turn

%: no passive effects
@: confused
A: horns 2, retaliatory headbutt
a: no special abilities


You were on level 4 of the Dungeon.
You visited 1 branch of the dungeon, and saw 4 of its levels.

You collected 270 gold pieces.
You spent 205 gold pieces at shops.


Innate Abilities, Weirdness & Mutations

You have a pair of horns on your head.
You reflexively headbutt those who attack you in melee.


   Skills:
 - Level 4.2 Fighting
 + Level 7.0 Ranged Weapons
 - Level 1.3 Armour
 - Level 2.1 Dodging
 - Level 0.7 Stealth


You had 4 spell levels left.
You didn't know any spells.
Your spell library was empty.

Inventory:

Hand Weapons
 Y - a +0 shortbow (weapon)
Armour
 a - a +0 cloak of fire resistance
 g - a +2 pair of gloves (worn)
 i - a +0 ring mail (worn)
Jewellery
 c - an amulet of reflection
Scrolls
 e - 2 scrolls of identify
 h - a scroll of enchant armour
 k - 2 scrolls of immolation {unknown}
Potions
 b - a potion of resistance {unknown}
 d - a potion of curing {unknown}
 f - a potion of heal wounds {unknown}
 j - a potion of lignification {unknown}

Dungeon Overview and Level Annotations

Branches:
Dungeon (4/15)
 Temple: D:4-7

Altars:

Shops:
D:1 ?   D:4 *


Message History

Something hits you but does no damage. The orc hits you with a +0 flail.
You shoot an arrow. The arrow hits the orc!
You kill the orc!
Something completely misses you.
2419 ||| FLEEEEING.
2420 ||| FLEEEEING.
Something hits you but does no damage.
Enter note:
Enter note:
Enter note:
Enter note: You see here a +0 dagger.
2422 ||| FLEEEEING.
A magic dart appears from out of thin air!
The magic dart hits you.
Items here: % )) [.
2423 ||| FLEEEEING.
2424 ||| FLEEEEING.
Things that are here:
a +0 hand axe; a +0 robe; an orc skeleton
2427 ||| FLEEEEING.
2428 ||| FLEEEEING.
2429 ||| FLEEEEING.
You hear some strange, mumbled words.
Something tries to affect you, but you resist.
2430 ||| FLEEEEING.
2431 ||| FLEEEEING.
2432 ||| FLEEEEING.
2433 ||| FLEEEEING.
2434 ||| FLEEEEING.
You are confused.
A puff of flame appears from out of thin air!
The puff of flame hits you!
You are more confused.
A magic dart appears from out of thin air!
The magic dart hits you.
The ogre hits you with a +0 giant spiked club!!
Ouch! That really hurt!
Something hits you but does no damage.
The ogre hits you with a +0 giant spiked club!
You die...

###### #<.... #....#
#############.. #....#
#.............. #....#
#.....#######..
#....#######.....'...# ###
#.........##.....###.#
#.........##.#.###
#.........##.#.#
#.......O@##.#.#####.#####
#.......{.'...............
#.........##.#.#####.#####
##.........##.#.#
###..........##.#.#
###.).###########%#..
###.))####.... .....
.>.).%...'.... ......
...###.###.... ......


You could see an ogre.

Vanquished Creatures
  A water moccasin (D:3)
  2 orc wizards (D:4)
  3 adders
  A worm (D:2)
  2 dart slugs
  8 orcs (D:4)
  13 ball pythons
  6 endoplasms
  2 giant cockroaches (D:4)
  7 goblins
  3 hobgoblins (D:1)
  3 quokkas (D:1)
  3 bats (D:2)
  4 frilled lizards
  3 kobolds
  7 rats
68 creatures vanquished.

Notes
Turn   | Place    | Note
-------+----------+-------------------------------------------
     0 | D:1      | qw the Minotaur Hunter began the quest for the Orb.
     0 | D:1      | Reached XP level 1. HP: 18/18 MP: 0/0
     0 | D:1      | 0 ||| qw: Version: 0.2-a-117-gc6b5c8b
     0 | D:1      | 0 ||| qw: Game counter: 2453
     0 | D:1      | 0 ||| qw: Always use a shield: true
     0 | D:1      | 0 ||| qw: God list: Okawaru
     0 | D:1      | 0 ||| qw: Allow faded altars: false
     0 | D:1      | 0 ||| qw: Do Orc after D:15 true
     0 | D:1      | 0 ||| qw: Do second Lair branch before Depths: true
     0 | D:1      | 0 ||| qw: Lair rune preference: random
     0 | D:1      | 0 ||| qw: Plans: Normal
     0 | D:1      | 0 ||| PLANNING D:1-11
   139 | D:1      | Reached XP level 2. HP: 25/25 MP: 1/1
   186 | D:1      | Reached skill level 5 in Ranged Weapons
   431 | D:1      | Found Voxeg's Magic Scroll Shoppe.
   440 | D:1      | 440 ||| BUYING scroll of enchant armour (90 gold).
   440 | D:1      | Bought a scroll of enchant armour for 90 gold pieces
   440 | D:1      | 440 ||| SHOPLISTING scroll of identify (24 gold, have 5).
   440 | D:1      | 440 ||| SHOPLISTING scroll of teleportation (36 gold, have
                  | 5).
   490 | D:1      | Reached skill level 3 in Fighting
   657 | D:1      | 657 ||| READING scroll labelled EMAXUDELAU.
   658 | D:1      | 658 ||| READING scroll labelled VAROEW COMI.
   659 | D:1      | 659 ||| DRINKING 2 amethyst potions.
   660 | D:1      | 660 ||| DROPPING scroll of butterflies.
   661 | D:1      | 661 ||| DROPPING potion of degeneration.
   814 | D:2      | Reached XP level 3. HP: 31/31 MP: 2/2
   992 | D:2      | Identified the +0 chain mail of Eschue {*Slow Int+5 Stlth+}
  1356 | D:2      | 1356 ||| READING scroll labelled BEMUWENK HECWY.
  1558 | D:3      | Noticed a water moccasin
  1567 | D:3      | Killed a water moccasin
  1568 | D:3      | Reached skill level 7 in Ranged Weapons
  1568 | D:3      | Reached XP level 4. HP: 33/38 MP: 3/3
  1568 | D:3      | Reached XP level 5. HP: 40/45 MP: 4/4
  1590 | D:3      | Identified the +2 spear "Ygoal" {freeze, Will- SInv Stlth+}
  1818 | D:3      | 1818 ||| UPGRADING to +0 pair of gloves.
  1823 | D:3      | 1823 ||| UPGRADING to +0 ring mail.
  1833 | D:3      | 1833 ||| DROPPING +0 leather armour.
  1834 | D:3      | 1834 ||| READING 3 scrolls of enchant armour.
  1834 | D:3      | 1834 ||| ENCHANTING +0 pair of gloves.
  1835 | D:3      | 1835 ||| READING 2 scrolls of enchant armour.
  1835 | D:3      | 1835 ||| ENCHANTING +1 pair of gloves.
  1836 | D:3      | 1836 ||| READING scroll labelled NEETREUT BEOWEADD.
  1844 | D:4      | Found Botola's Fire Supplies.
  1860 | D:4      | 1860 ||| BUYING +0 cloak of fire resistance (115 gold).
  1860 | D:4      | Bought a +0 cloak of fire resistance for 115 gold pieces
  1860 | D:4      | 1860 ||| SHOPLISTING +0 leather armour of fire resistance
                  | (90 gold, have 31).
  1860 | D:4      | 1860 ||| SHOPLISTING ring of protection from fire (250
                  | gold, have 31).
  2193 | D:4      | Reached skill level 1 in Armour
  2222 | D:4      | HP: 8/45 [orc wizard/magic dart (6)]
  2227 | D:4      | HP: 8/46 [something (1)]
  2231 | D:4      | HP: 3/46 [something (4)]
  2417 | D:4      | Noticed an ogre
  2419 | D:4      | 2419 ||| FLEEEEING.
  2420 | D:4      | 2420 ||| FLEEEEING.
  2422 | D:4      | 2422 ||| FLEEEEING.
  2423 | D:4      | 2423 ||| FLEEEEING.
  2424 | D:4      | 2424 ||| FLEEEEING.
  2427 | D:4      | 2427 ||| FLEEEEING.
  2428 | D:4      | 2428 ||| FLEEEEING.
  2429 | D:4      | 2429 ||| FLEEEEING.
  2430 | D:4      | 2430 ||| FLEEEEING.
  2431 | D:4      | 2431 ||| FLEEEEING.
  2432 | D:4      | 2432 ||| FLEEEEING.
  2433 | D:4      | 2433 ||| FLEEEEING.
  2434 | D:4      | 2434 ||| FLEEEEING.
  2440 | D:4      | HP: 2/46 [ogre/+0 giant spiked club (27)]
  2442 | D:4      | Demolished by an ogre

Levels and vault maps discovered:
D:1:      dpeg_arrival_rooms_c, layout_loops_cross, serial_shops, shop
D:2:      layout_loops_ring, minivault_26
D:3:      cheibrodos_helix_gallery, layout_rooms
D:4:      layout_basic, nicolae_shop_fire_sale [nicolae_sub_dead_trees]

Skill      XL: |  1  2  3  4  5 |
---------------+----------------+-----
Ranged Weapons | 5 7 |  7.0
Fighting       | 3 4 |  4.2
Armour         | 1 |  1.3
Dodging        | |  2.1
Stealth        | |  0.7

Action                     |  1- 3 |  4- 6 || total
---------------------------+-------+-------++-------
   Fire: Shortbow          |   116 |   104 ||   220
    Use: Scroll            |     3 |     3 ||     6
         Potion            |     1 |       ||     1
 Armour: Leather armour    |     3 |     3 ||     6
         Ring mail         |       |    53 ||    53
  Dodge: Dodged            |    23 |    23 ||    46

Table legend:
 A = Non-vault XP
 B = Vault XP
 C = Vault XP percentage of total XP
 D = Non-vault monster count
 E = Vault monster count
 F = Vault count percentage of total count
                 A         B        C        D         E       F
            +---------+---------+-------+---------+---------+-------
      Total |     365 |       6 |   1.6 |      66 |       2 |   2.9
            +---------+---------+-------+---------+---------+-------
        D:1 |      30 |       0 |   0.0 |      17 |       0 |   0.0
        D:2 |      45 |       0 |   0.0 |      20 |       0 |   0.0
        D:3 |     173 |       6 |   3.4 |      12 |       2 |  14.3
        D:4 |     117 |       0 |   0.0 |      17 |       0 |   0.0
            +---------+---------+-------+---------+---------+-------
